 Dungeon Crawl Stone Soup version 0.19.1-1-g22dce08 (webtiles) character file.

21872 M4edhros the Martial Artist (level 12, -17/82 HPs)
             Began as an Octopode Necromancer on Dec 30, 2016.
             Was the Champion of Cheibriados.
             Demolished by a death yak (18 damage)
             ... on level 4 of the Lair of Beasts on Dec 31, 2016.
             The game lasted 00:45:36 (7369 turns).

M4edhros the Martial Artist (Octopode Necromancer)  Turns: 7369, Time: 00:45:37

Health: -17/82     AC:  6    Str: 24    XL:     12   Next: 94%
Magic:  13/15      EV: 30    Int: 32    God:    Cheibriados [******]
Gold:   734        SH:  9    Dex: 36    Spells: 6 memorised, 0 levels left

rFire  + + .     SeeInvis .     h - +2 mace (protect)
rCold  . . .     Gourm    .     C - +0 buckler
rNeg   + . .     Faith    .     (helmet restricted)
rPois  .         Spirit   .     j - amulet of magic regeneration
rElec  .         Reflect  .     d - ring of fire
rCorr  +         Harm     .     x - ring of positive energy
MR     .....     Rnd*Rage +     y - ring of flight
Stlth  +++++.....               z - ring of resist corrosion
                                D - ring of protection from cold
                                L - +5 ring of protection
                                (no ring)
                                (no ring)

@: agile, exhausted, slowed, very slow
A: almost no armour, stealthy swim, amphibious, 8 rings, constrict 8, beak,
camouflage 1, berserk 2, blink, dopey 1, fire resistance 1, low mp 1, strong 1,
gelatinous body 1, no device heal 1
a: Blink, Bend Time, Temporal Distortion, Slouch, Step From Time, Renounce
Religion, Evoke Flight


You were on level 4 of the Lair of Beasts.
You worshipped Cheibriados.
Cheibriados was exalted by your worship.
You were very hungry.

You visited 3 branches of the dungeon, and saw 18 of its levels.
You also visited: Sewer and Volcano.

You collected 734 gold pieces.

Inventory:

Hand Weapons
 f - the +1 flail "Seceteq" {flame, rC+ Int-4 SInv, unknown}
   (You found it on level 4 of the Lair of Beasts)

   It has been specially enchanted to burn those struck by it, causing extra
   injury to most foes and up to half again as much damage against particularly
   susceptible opponents.
   It affects your intelligence (-4).
   It protects you from cold.
   It lets you see invisible.
 h - a +2 mace of protection (weapon)
Missiles
 w - 3 throwing nets (quivered)
Armour
 C - a +0 buckler (worn)
Jewellery
 d - a ring of fire (left tentacle)
 j - an amulet of magic regeneration (around mantle)
 x - a ring of positive energy (right tentacle)
 y - a ring of flight (on tentacle)
 z - a ring of resist corrosion (on tentacle)
 D - a ring of protection from cold (on tentacle)
 L - a +5 ring of protection (on tentacle)
Wands
 A - a wand of polymorph (10/24)
 E - a wand of slowing (23/48)
 F - a wand of polymorph (15/24)
 K - a wand of enslavement (12/24)
 N - a wand of lightning (5/15)
 Q - a wand of flame (33/48)
Scrolls
 e - 3 scrolls of teleportation
 i - a scroll of blinking {unknown}
 k - 2 scrolls of amnesia {unknown}
 l - a scroll of fear
 p - a scroll of torment {unknown}
 r - 2 scrolls of noise {unknown}
 s - a scroll of enchant armour {unknown}
 t - 6 scrolls of remove curse
 G - 2 scrolls of recharging {unknown}
 I - a scroll of vulnerability
 O - a scroll of acquirement {unknown}
 P - a scroll of fog
Potions
 c - a potion of agility
 q - a potion of curing
 v - 2 potions of resistance
 J - 2 potions of might
 M - a potion of cancellation
 R - a potion of lignification
Books
 a - a book of Necromancy

   Spells                             Type                      Level
   a - Pain                           Necromancy                   1
   b - Animate Skeleton               Necromancy                   1
   c - Vampiric Draining              Necromancy                   3
   d - Regeneration                   Charms/Necromancy            3
   e - Animate Dead                   Necromancy                   4
   f - Control Undead                 Necromancy                   4
 o - a book of Callings

   Spells                             Type                      Level
   a - Summon Small Mammal            Summoning                    1
   b - Call Imp                       Summoning                    2
   c - Call Canine Familiar           Summoning                    3
   d - Summon Guardian Golem          Hexes/Summoning              3
   e - Summon Lightning Spire         Summoning/Air                4
   f - Summon Ice Beast               Ice/Summoning                4
Comestibles
 b - 4 bread rations
 m - 7 meat rations
 u - 2 slices of pizza
 B - 4 beef jerkies


   Skills:
 + Level 8.1 Fighting
 + Level 9.0 Dodging
 - Level 2.6 Stealth
 - Level 7.4 Shields
 * Level 11.8 Unarmed Combat
 - Level 2.0 Spellcasting
 - Level 2.2 Summonings
 - Level 4.0 Necromancy
 - Level 6.1 Air Magic
 - Level 6.6 Invocations
 + Level 5.9 Evocations


You couldn't memorise any spells.
You knew the following spells:

 Your Spells              Type           Power        Failure   Level  Hunger
a - Pain                  Necr           ####         1%          1    None
b - Animate Skeleton      Necr           N/A          1%          1    None
c - Regeneration          Chrm/Necr      ###.......   10%         3    ###....
d - Call Imp              Summ           ###.....     4%          2    ##.....
e - Summon Lightning Spi  Summ/Air       ####....     14%         4    ####...
f - Animate Dead          Necr           N/A          14%         4    ####...


Dungeon Overview and Level Annotations

Branches:
Dungeon (13/15)            Temple (1/1) D:4            Lair (4/6) D:9
    Orc (0/2) D:11
  Swamp: Lair:2-4    Shoals: Lair:2-4     Snake: Lair:2-4    Spider: Lair:2-4
 Vaults: D:13-14

Altars:
Cheibriados
Gozag
Kikubaaqudgha
Okawaru
Ru
Sif Muna
Vehumet
Beogh

Shops:
D:4 =

Portals:
Trove: D:12 (give horn of Geryon)

Annotations:
D:9 Erolcha
Lair:4 exclusion: oklob plant


Innate Abilities, Weirdness & Mutations

You cannot wear most types of armour.
You are very stealthy in the water. (Stealth+)
You are amphibious.
You can wear up to eight rings at the same time.
You can use your tentacles to constrict eight enemies at once.
Your skin changes colour to match your surroundings (Stealth+).
Your rubbery body absorbs attacks. (AC +1, EV +1)
You have a beak for a mouth.
You often lose your temper in combat.
You can translocate small distances at will.
You are dopey. (Int -2)
Your flesh is heat resistant. (rF+)
Your magical capacity is low. (-10% MP)
Your muscles are strong. (Str +2)
Potions and wands are less effective at restoring your health.


Message History

The death yak completely misses you. The death yak gores you!
* * * LOW HITPOINT WARNING * * *
The death yak gores you.
* * * LOW HITPOINT WARNING * * *
Okay, then.
Okay, then.
Okay, then.
Evoke which item? (* to show all) (? for menu, Esc to quit)
Okay, then.
Okay, then.
Okay, then.
Evoke which item? (* to show all) (? for menu, Esc to quit)
Okay, then.
You fail to use your ability.
The death yak misses you. The death yak closely misses you.
You fail to use your ability.
You block the death yak's attack. The death yak completely misses you.
The death yak gores you.
* * * LOW HITPOINT WARNING * * *
The death yak gores you!!
You die...

....# #.....# #...Y.. #.....
##....## #.....$# #....###
#...YY@# #....Y## #.....##
####P.....############## ##
#####..##......#............
.###.##........................
...............................
...............................
...............................


You could see 3 death yaks.

Vanquished Creatures
  The ghost of tscho the Grappler, a journeyman TrMo (Lair:3)
  A queen ant (Lair:2)
  3 death yaks (Lair:4)
  2 ugly things
  3 elephants (Lair:2)
  A spiny frog (Lair:4)
  A torpor snail (Lair:3)
  A centaur skeleton (D:10)
  An efreet (D:13)
  2 trolls
  A two-headed ogre (D:7)
  4 slime creatures (D:13)
  4 hippogriffs
  A wraith (D:9)
  8 yaks (D:11)
  A spriggan (shapeshifter) (D:13)
  Grum (D:8)
  4 hungry ghosts
  Edmund (D:6)
  9 soldier ants (Lair:2)
  A porcupine (Lair:2)
  3 water moccasins
  3 hell hounds (Volcano)
  3 ice beasts
  3 orc warriors
  A swamp drake (D:11)
  2 phantoms
  3 sky beasts
  10 wolves
  3 ogres
  A necrophage (D:6)
  5 crocodiles
  A big kobold (D:12)
  Blork the orc (D:13)
  5 bullfrogs
  5 scorpions
  6 killer bees (D:8)
  6 wights
  2 howler monkeys
  4 crimson imps
  3 centaur zombies
  6 hounds
  4 bullfrog zombies
  6 orc priests
  4 jellies
  4 bullfrog skeletons
  16 worker ants
  Natasha (D:4)
  An iguana (D:13)
  10 orc wizards
  A hound skeleton (D:9)
  A worker ant zombie (D:11)
  7 gnolls
  16 adders
  2 shadow imps
  11 oozes (Sewer)
  An adder skeleton (D:5)
  2 worms
  5 dart slugs
  17 leopard geckos
  52 orcs
  10 ball pythons
  14 giant cockroaches
  5 goblins
  5 hobgoblins
  7 jackals
  8 kobolds
  4 quokkas
  6 bats
  5 frilled lizards (Sewer)
  2 leopard gecko skeletons
  6 rats
360 creatures vanquished.

Vanquished Creatures (collateral kills)
  4 hill giants
  An ugly thing (D:11)
  A cyclops (D:11)
  An elephant (Lair:2)
  A two-headed ogre (D:13)
  A troll (D:9)
  A wyvern (D:13)
  5 yaks
  11 soldier ants (Lair:2)
  2 ice beasts
  3 ogres
  2 crocodiles
  A big kobold (D:11)
  2 bullfrogs
  A wight (D:9)
  A crimson imp (D:8)
  2 bullfrog zombies (D:11)
  2 jellies
  A centaur skeleton (D:11)
  11 worker ants
  An adder (D:2)
  An ooze (Sewer)
  A leopard gecko (Sewer)
  2 orcs (D:7)
  2 giant cockroaches
  A ball python (Sewer)
  7 kobolds
  2 rats (D:3)
71 creatures vanquished.

Vanquished Creatures (others)
  2 fungi (Lair:3)
2 creatures vanquished.

Grand Total: 433 creatures vanquished

Notes
Turn   | Place    | Note
-------+----------+-------------------------------------------
     0 | D:1      | M4edhros the Octopode Necromancer began the quest for the Orb.
     0 | D:1      | Reached XP level 1. HP: 11/11 MP: 3/3
   161 | D:2      | Reached skill level 1 in Unarmed Combat
   161 | D:2      | Reached XP level 2. HP: 4/17 MP: 1/5
   229 | D:2      | Reached skill level 2 in Unarmed Combat
   233 | D:2      | Learned a level 1 spell: Animate Skeleton
   315 | D:2      | Reached XP level 3. HP: 3/21 MP: 1/6
   320 | D:2      | Learned a level 3 spell: Regeneration
   328 | D:2      | Found an ancient bone altar of Kikubaaqudgha.
   457 | D:2      | Reached skill level 3 in Unarmed Combat
   614 | D:3      | Reached XP level 4. HP: 23/27 MP: 1/7
   814 | D:3      | Reached skill level 4 in Unarmed Combat
  1065 | D:4      | Noticed an ogre
  1082 | D:4      | Killed an ogre
  1082 | D:4      | Reached skill level 5 in Unarmed Combat
  1082 | D:4      | Reached XP level 5. HP: 29/31 MP: 2/8
  1157 | D:4      | Found a staircase to the Ecumenical Temple.
  1166 | Temple   | Entered the Ecumenical Temple
  1179 | Temple   | Became a worshipper of Cheibriados the Contemplative
  1293 | D:4      | Found a deep blue altar of Sif Muna.
  1299 | D:4      | Found an iron altar of Okawaru.
  1364 | D:4      | Learned a level 2 spell: Call Imp
  1364 | D:4      | Found an opulent altar of Gozag.
  1386 | D:4      | Reached skill level 1 in Fighting
  1386 | D:4      | Reached XP level 6. HP: 38/38 MP: 6/9
  1389 | D:4      | Found Odankywo's Jewellery Emporium.
  1409 | D:4      | Noticed Natasha
  1412 | D:4      | Reached skill level 1 in Summonings
  1416 | D:4      | Killed Natasha
  1971 | D:1      | Reached * piety under Cheibriados
  2227 | D:5      | Entered Level 5 of the Dungeon
  2262 | D:5      | Reached XP level 7. HP: 43/45 MP: 2/10
  2279 | D:5      | Reached skill level 1 in Shields
  2378 | D:5      | Reached skill level 6 in Unarmed Combat
  2432 | D:6      | Reached XP level 8. HP: 30/52 MP: 8/11
  2467 | D:6      | Gained mutation: You are clumsy. (Dex -2) [mutagenic meat]
  2468 | D:6      | Gained mutation: Your mind is acute. (Int +2) [mutagenic meat]
  2469 | D:6      | Gained mutation: You are partially covered in iridescent scales. (AC +2) [mutagenic meat]
  2471 | D:6      | Lost mutation: You are clumsy. (Dex -2) [mutagenic meat]
  2472 | D:6      | Gained mutation: You evolve. [mutagenic meat]
  2605 | D:6      | Reached ** piety under Cheibriados
  2624 | D:6      | Lost mutation: Your mind is acute. (Int +2) [potion of cure mutation]
  2624 | D:6      | Lost mutation: You are partially covered in iridescent scales. (AC +2) [potion of cure mutation]
  2624 | D:6      | Lost mutation: You evolve. [potion of cure mutation]
  2665 | D:6      | Found a glowing drain.
  2683 | Sewer    | Entered a sewer
  2774 | Sewer    | Reached *** piety under Cheibriados
  2896 | Sewer    | Reached **** piety under Cheibriados
  3024 | D:6      | Noticed Edmund
  3036 | D:6      | Killed Edmund
  3154 | D:6      | Reached skill level 5 in Shields
  3212 | D:7      | Reached XP level 9. HP: 34/58 MP: 12/12
  3347 | D:8      | Reached skill level 5 in Dodging
  3358 | D:8      | Found a sacrificial altar of Ru.
  3430 | D:8      | Gained mutation: You have a beak for a mouth. [potion of mutation]
  3430 | D:8      | Gained mutation: Your muscles are strong. (Str +2) [potion of mutation]
  3430 | D:8      | Gained mutation: Your flesh is heat resistant. (rF+) [potion of mutation]
  3434 | D:8      | Reached skill level 7 in Unarmed Combat
  3436 | D:8      | Noticed a two-headed ogre
  3525 | D:8      | Noticed Grum
  3533 | D:7      | Killed a two-headed ogre
  3564 | D:7      | HP: 3/60 [wolf[Grum] (10)]
  3574 | D:7      | Reached ***** piety under Cheibriados
  3671 | D:8      | Reached skill level 5 in Fighting
  3688 | D:8      | Reached skill level 1 in Invocations
  3704 | D:8      | Killed Grum
  3885 | D:9      | Noticed a troll
  3916 | D:9      | Reached XP level 10. HP: 47/66 MP: 8/13
  3971 | D:9      | Noticed Erolcha
  4029 | D:9      | Reached skill level 8 in Unarmed Combat
  4091 | D:9      | Found a staircase to the Lair.
  4192 | D:8      | Reached skill level 5 in Invocations
  4205 | D:8      | Learned a level 4 spell: Summon Lightning Spire
  4234 | D:9      | Found a roughly hewn altar of Beogh.
  4312 | D:9      | Gained mutation: You tend to lose your temper in combat. [potion of mutation]
  4312 | D:9      | Gained mutation: Your magical capacity is low. (-10% MP) [potion of mutation]
  4374 | D:9      | Reached skill level 1 in Air Magic
  4411 | D:9      | Found a radiant altar of Vehumet.
  4528 | D:10     | Entered Level 10 of the Dungeon
  4659 | D:10     | Gained mutation: You are dopey. (Int -2) [mutagenic meat]
  4660 | D:10     | Gained mutation: You often lose your temper in combat. [mutagenic meat]
  4662 | D:10     | Gained mutation: Potions and wands are less effective at restoring your health. [mutagenic meat]
  4907 | D:11     | Reached skill level 5 in Air Magic
  4971 | D:11     | Reached XP level 11. HP: 65/72 MP: 14/14
  4999 | D:11     | Noticed a red ugly thing
  5004 | D:11     | Killed a red ugly thing
  5009 | D:11     | Gained mutation: You can translocate small distances at will. [mutagenic meat]
  5064 | D:11     | Noticed a cyclops
  5084 | D:11     | Killed a cyclops
  5184 | D:11     | Reached ****** piety under Cheibriados
  5192 | D:11     | Reached skill level 9 in Unarmed Combat
  5268 | D:11     | Found a staircase to the Orcish Mines.
  5516 | D:12     | Noticed a red ugly thing
  5526 | D:12     | Killed a red ugly thing
  5541 | D:12     | Found a portal to a secret trove of treasure.
  5667 | D:13     | Reached skill level 1 in Evocations
  5850 | D:13     | Noticed a hill giant
  5857 | D:13     | Killed a hill giant
  5857 | D:13     | Reached skill level 10 in Unarmed Combat
  5897 | D:13     | Noticed a hill giant
  5907 | D:13     | Killed a hill giant
  6100 | D:13     | Noticed a hill giant
  6112 | D:13     | Killed a hill giant
  6131 | D:13     | Noticed Blork the orc
  6137 | D:13     | Killed Blork the orc
  6214 | D:13     | Noticed a green ugly thing
  6222 | D:13     | Killed a green ugly thing
  6271 | D:12     | Reached XP level 12. HP: 80/80 MP: 15/15
  6508 | Lair:1   | Entered Level 1 of the Lair of Beasts
  6562 | Lair:1   | Found a dark tunnel.
  6573 | Volcano  | Entered a volcano
  6817 | Lair:2   | Learned a level 4 spell: Animate Dead
  6825 | Lair:2   | Noticed a queen ant
  6855 | Lair:2   | Reached skill level 11 in Unarmed Combat
  6868 | Lair:2   | Killed a queen ant
  7066 | Lair:3   | Reached skill level 5 in Evocations
  7100 | Lair:3   | Noticed tscho's ghost (journeyman TrMo)
  7112 | Lair:3   | Killed tscho's ghost
  7339 | Lair:4   | Got a twisted flail
  7346 | Lair:4   | Noticed a death yak
  7346 | Lair:4   | Noticed a death yak
  7347 | Lair:4   | Noticed a death yak
  7348 | Lair:4   | Noticed a death yak
  7348 | Lair:4   | Noticed a death yak
  7349 | Lair:4   | Noticed a death yak
  7357 | Lair:4   | Killed a death yak
  7361 | Lair:4   | Killed a death yak
  7363 | Lair:4   | Killed a death yak
  7369 | Lair:4   | HP: 1/82 [death yak (4)]
  7369 | Lair:4   | Demolished by a death yak

Skill      XL: |  1  2  3  4  5  6  7  8  9 10 11 12 |
---------------+-------------------------------------+-----
Unarmed Combat | 1 2 3 5 6 7 8 10 11 | 11.8
Fighting       | 1 2 3 4 5 6 8 |  8.1
Summonings     | 1 2 |  2.2
Dodging        | 3 4 6 7 9 |  9.0
Shields        | 3 5 6 7 |  7.4
Invocations    | 3 6 |  6.6
Air Magic      | 5 6 |  6.1
Evocations     | 3 5 |  5.9
Stealth        | |  2.6
Spellcasting   | |  2.0
Necromancy     | |  4.0

Action                   |  1- 3 |  4- 6 |  7- 9 | 10-12 || total
-------------------------+-------+-------+-------+-------++-------
Melee: Unarmed           |    31 |    11 |       |       ||    42
       Constrict         |     9 |    34 |    68 |   106 ||   217
       Tentacles         |     8 |    22 |    87 |   228 ||   345
       Mace              |       |   108 |   298 |   479 ||   885
       Punch             |       |     2 |    23 |    93 ||   118
       Peck              |       |       |    34 |   242 ||   276
 Cast: Pain              |    17 |     3 |     8 |     7 ||    35
       Animate Skeleton  |     2 |     5 |    15 |    46 ||    68
       Regeneration      |     4 |    13 |    35 |    41 ||    93
       Call Imp          |       |     5 |     4 |    10 ||    19
       Summon Lightning  |       |       |       |    15 ||    15
       Animate Dead      |       |       |       |     3 ||     3
Invok: Slouch            |       |       |       |     7 ||     7
Evoke: Wand              |       |       |       |     4 ||     4
  Use: Scroll            |       |     4 |    10 |    11 ||    25
       Potion            |       |     1 |    10 |     2 ||    13
 Stab: Sleeping          |     2 |     4 |     5 |    16 ||    27
       Distracted        |       |       |       |     8 ||     8
  Eat: Chunk             |       |     8 |    12 |    26 ||    46
       Pizza             |       |       |     1 |       ||     1
       Beef jerky        |       |       |       |     1 ||     1
Armor: Skin              |     2 |    29 |    58 |    80 ||   169
Dodge: Dodged            |    24 |    87 |   340 |   484 ||   935
Block: Buckler           |       |       |   134 |   226 ||   360
